 Dungeon Crawl Stone Soup version 0.29.0-4-gdea44cf6ec (webtiles) character file.

Game seed: 1753333204848086406

42 qw the Chopper (level 3, -2/21 HPs)
             Began as a Tengu Warper on Aug 28, 2022.
             Slain by a lemure (5 damage)
             ... led by Pikel
             ... on level 4 of the Dungeon.
             The game lasted 00:00:10 (1878 turns).

qw the Chopper (Tengu Warper)                       Turns: 1878, Time: 00:00:10

Health: -2/21      AC: 11    Str: 13    XL:     3   Next: 56%
Magic:  7/7        EV:  3    Int: 13    God:
Gold:   108        SH:  0    Dex: 13    Spells: 6/6 levels left

rFire   . . .      SeeInvis .   Y - +0 hand axe
rCold   . . .      Faith    .   (no shield)
rNeg    . . .      Spirit   .   a - +0 plate armour
rPois   .          Reflect  .   (helmet restricted)
rElec   .          Harm     .   (no cloak)
rCorr   .          Rampage  .   k - +0 pair of gloves
Will    .....                   (boots unavailable)
Stlth   ..........              l - amulet of regeneration
HPRegen 0.87/turn               (no ring)
MPRegen 0.10/turn               (no ring)

@: no status effects
A: beak, talons 3
a: no special abilities


You were on level 4 of the Dungeon.
You visited 1 branch of the dungeon, and saw 4 of its levels.

You collected 108 gold pieces.


Innate Abilities, Weirdness & Mutations

You have a beak for a mouth.
You have claws for feet.


   Skills:
 - Level 2.0 Fighting
 - Level 4.1 Axes
 - Level 1.0 Throwing
 + Level 1.4 Armour
 - Level 2.1 Dodging
 - Level 2.0 Spellcasting
 - Level 2.4 Translocations


You had 6 spell levels left.
You didn't know any spells.
Your spell library contained the following spells:

 Spells                   Type           Power      Damage    Failure   Level
 Blink                    Tloc           14%        N/A       100%        2
 Gell's Gravitas          Tloc           7%         N/A       100%        3
 Lesser Beckoning         Tloc           7%         N/A       100%        3
 Teleport Other           Tloc           7%         N/A       100%        3
 Manifold Assault         Tloc           7%         N/A       100%        5

Inventory:

Hand Weapons
 c - a +0 mace
 Y - a +0 hand axe (weapon)
Armour
 a - a +0 plate armour (worn)
 k - a +0 pair of gloves (worn)
Jewellery
 l - an amulet of regeneration (around neck)
Scrolls
 d - 2 scrolls of identify
 g - a scroll of immolation {unknown}
 m - 2 scrolls of teleportation
Potions
 b - 2 potions of invisibility {unknown}
 e - a potion of haste
 f - a potion of mutation {unknown}
 h - a potion of berserk rage {unknown}
 i - a potion of heal wounds {unknown}
 j - a potion of flight {unknown}

Dungeon Overview and Level Annotations

Branches:
Dungeon (3/15)

Altars:

Annotations:
D:4 Pikel


Message History

A lemure comes into view.
The lemure shouts!
You hit the lemure. You peck the lemure, but do no damage.
The lemure is lightly wounded.
The lemure hits you but does no damage.
You hit the lemure. Your kick misses the lemure. Your peck misses the lemure.
The lemure is lightly wounded.
You miss Pikel. You completely miss Pikel. Your peck misses Pikel.
Pikel hits you with a +1 whip of flaming.
Pikel burns you.
You hit Pikel. Your peck misses Pikel.
Pikel is lightly wounded.
Pikel says, "Hell isn't that bad."
Pikel hits you with a +1 whip of flaming!
Ouch! That really hurt!
Pikel burns you.
1873 ||| READING 3 scrolls of teleportation.
As you read the scroll of teleportation, it crumbles to dust.
You feel strangely unstable. Pikel completely misses you.
You miss Pikel. You claw Pikel.
Pikel is lightly wounded.
Pikel hits you but does no damage.
You hit Pikel but do no damage.
Pikel is lightly wounded.
Pikel hits you but does no damage.
You hit Pikel. Your peck misses Pikel.
Pikel is lightly wounded.
Your surroundings seem slightly different.
A kobold comes into view. It is wielding a +0 club.
The kobold shouts!
You hit the lemure but do no damage. You claw the lemure.
The lemure is lightly wounded.
The lemure hits you.
You closely miss the lemure. Your peck misses the lemure.
The lemure is lightly wounded.
You barely miss the lemure. The lemure hits you. x3
You die...

.# #......# .#
#......# #.# ##......#
#.# ##.......### #.#
...........###.# ...
...........'.#.# ...
.......55K.#...# #+#..
..K....@5..##..# #.#.#
........5..##..# #.#.#
###.##########.###.#.#
# #...#.#.#
########.#.....##
.........###....##
########## #.#...#
#.#.#.# ..#.#..


You could see Pikel, 4 lemures and a kobold.

Vanquished Creatures
  3 dart slugs
  6 ball pythons
  5 endoplasms
  A giant cockroach (D:1)
  5 goblins
  4 hobgoblins
  5 bats
  2 frilled lizards (D:1)
  A kobold (D:1)
  2 rats
34 creatures vanquished.

Notes
Turn   | Place    | Note
-------+----------+-------------------------------------------
     0 | D:1      | qw the Tengu Warper began the quest for the Orb.
     0 | D:1      | Reached XP level 1. HP: 12/12 MP: 4/4
     0 | D:1      | 0 ||| qw: Version: 0.1-a-89-g26bdef1
     0 | D:1      | 0 ||| qw: Game counter: 994
     0 | D:1      | 0 ||| qw: Always use a shield: true
     0 | D:1      | 0 ||| qw: God list: Okawaru
     0 | D:1      | 0 ||| qw: Allow faded altars: false
     0 | D:1      | 0 ||| qw: Do Orc after D:15 true
     0 | D:1      | 0 ||| qw: Do second Lair branch before Depths: true
     0 | D:1      | 0 ||| qw: Lair rune preference: random
     0 | D:1      | 0 ||| qw: Plans: Normal
     0 | D:1      | 0 ||| PLANNING D:1-11
    45 | D:1      | 45 ||| Stepping ~*~*~tactically~*~*~ (stealth).
    47 | D:1      | 47 ||| Stepping ~*~*~tactically~*~*~ (stealth).
    71 | D:1      | Reached XP level 2. HP: 15/17 MP: 6/6
   122 | D:1      | Reached skill level 3 in Axes
   124 | D:1      | Found a faded altar of an unknown god.
   385 | D:1      | 385 ||| Stepping ~*~*~tactically~*~*~ (hiding).
   532 | D:1      | 532 ||| UPGRADING to +0 pair of gloves.
   537 | D:1      | 537 ||| UPGRADING to amulet of regeneration.
   542 | D:1      | 542 ||| READING scroll labelled ZOIHEC IR KEI.
   543 | D:1      | 543 ||| READING scroll labelled LOASHURIMO.
   544 | D:1      | 544 ||| READING scroll labelled JIFOKICAIF.
   547 | D:1      | 547 ||| DRINKING 2 fizzy black potions.
   548 | D:1      | 548 ||| DROPPING scroll of blinking.
   567 | D:2      | 567 ||| STAIRDANCE
   573 | D:2      | 573 ||| STAIRDANCE
   588 | D:2      | 588 ||| Stepping ~*~*~tactically~*~*~ (hiding).
   590 | D:2      | 590 ||| Stepping ~*~*~tactically~*~*~ (hiding).
   598 | D:2      | Reached XP level 3. HP: 21/21 MP: 7/7
   935 | D:2      | Identified the +6 short sword of the Orcish Mines {speed,
                  | Dex+5}
   940 | D:2      | HP: 3/21 [hobgoblin/the +6 short sword of the Orcish Mines
                  | {speed, Dex+5} (7)]
   961 | D:2      | 961 ||| DROPPING +0 club.
   984 | D:2      | Reached skill level 4 in Axes
  1503 | D:2      | 1503 ||| UPGRADING to +0 plate armour.
  1513 | D:2      | 1513 ||| DROPPING +0 leather armour.
  1514 | D:2      | 1514 ||| READING scroll labelled YGGI AREGUGHA.
  1525 | D:2      | 1525 ||| READING scroll labelled EHUCOPN EMUOMN.
  1611 | D:3      | 1611 ||| Stepping ~*~*~tactically~*~*~ (stealth).
  1612 | D:3      | 1612 ||| Stepping ~*~*~tactically~*~*~ (stealth).
  1839 | D:3      | You fall into a shaft and drop 1 floor!
  1864 | D:4      | Noticed Pikel
  1864 | D:4      | Noticed a lemure
  1864 | D:4      | Noticed a lemure
  1864 | D:4      | Noticed a lemure
  1866 | D:4      | Noticed a lemure
  1872 | D:4      | HP: 5/21 [Pikel/+1 whip of flaming (4)]
  1873 | D:4      | 1873 ||| READING 3 scrolls of teleportation.
  1878 | D:4      | HP: 3/21 [lemure[Pikel] (3)]
  1878 | D:4      | Slain by a lemure

Levels and vault maps discovered:
D:1:      scummos_arrival_simple_fountains, layout_basic,
          shapermc_ecumenical_altar_pompeii
D:2:      layout_loops_corners
D:3:      layout_rooms, glass_columns_a
D:4:      layout_basic, minmay_misc_feat_hallway, corexii_corridor_pit,
          uniq_crazy_yiuf_cottage, uniq_menkaure, uniq_pikel

Skill      XL: |  1  2  3 |
---------------+----------+-----
Axes           | 3 4 |  4.1
Fighting       | |  2.0
Throwing       | |  1.0
Armour         | |  1.4
Dodging        | |  2.1
Spellcasting   | |  2.0
Translocations | |  2.4

Action                   || total
-------------------------++-------
Melee: Hand axe          ||    62
       Kick              ||    19
       Peck              ||     8
       Punch             ||     1
Throw: Boomerang         ||     7
  Use: Scroll            ||     6
       Potion            ||     1
Armor: Leather armour    ||    13
       Plate armour      ||     8
Dodge: Dodged            ||    19

Table legend:
 A = Non-vault XP
 B = Vault XP
 C = Vault XP percentage of total XP
 D = Non-vault monster count
 E = Vault monster count
 F = Vault count percentage of total count
                 A         B        C        D         E       F
            +---------+---------+-------+---------+---------+-------
      Total |      61 |       0 |   0.0 |      34 |       0 |   0.0
            +---------+---------+-------+---------+---------+-------
        D:1 |      32 |       0 |   0.0 |      18 |       0 |   0.0
        D:2 |      21 |       0 |   0.0 |      10 |       0 |   0.0
        D:3 |       6 |       0 |   0.0 |       5 |       0 |   0.0
        D:4 |       2 |       0 |   0.0 |       1 |       0 |   0.0
            +---------+---------+-------+---------+---------+-------
